 Dungeon Crawl Stone Soup version 0.16.0-17-g811c1d7 (webtiles) character file.

407 xsansara the Ruffian (level 6, -1/53 HPs)
             Began as a Troll Wizard on Mar 20, 2015.
             Was an Initiate of Vehumet.
             Slain by serseaman's ghost (6 damage)
             ... on level 5 of the Dungeon.
             The game lasted 00:23:02 (3713 turns).

xsansara the Ruffian (Troll Wizard)                 Turns: 3713, Time: 00:23:02

Health: -1/53      AC:  8    Str: 16    XL:     6   Next: 57%
Magic:  5/7        EV: 15    Int: 16    God:    Vehumet [......]
Gold:   173        SH:  0    Dex: 13    Spells: 4 memorised, 1 level left

rFire  . . .     SeeInvis .       - Unarmed
rCold  . . .     Clarity  .     u - +0 steam dragon armour
rNeg   . . .     SustAb   +     (shield restricted)
rPois  .         Gourm    +     b - +0 hat
rElec  .         Spirit   .     (no cloak)
rCorr  .         Warding  .     (gloves unavailable)
rMut   .         Stasis   .     (boots unavailable)
MR     .....                    (no amulet)
Stlth  ++........               h - ring of wizardry
                                t - ring of sustain abilities

@: agile, repel missiles, not resistant to hostile enchantments, unstealthy
A: unfitting armour, claws 3, fast metabolism 3, gourmand, regeneration 2,
shaggy fur 1, tough skin 2
a: Renounce Religion


You were on level 5 of the Dungeon.
You worshipped Vehumet.
Vehumet was noncommittal.
You were very hungry.

You visited 2 branches of the dungeon, and saw 6 of its levels.

You collected 173 gold pieces.

Inventory:

Hand weapons
 r - a cursed -3 blowgun
Missiles
 f - 23 stones
 k - 47 poisoned needles
 n - 7 tomahawks (quivered)
Armour
 a - a +0 robe
 b - a +0 hat (worn)
 g - a +2 robe of fire resistance
 u - a +0 steam dragon armour (worn)
Jewellery
 h - a ring of wizardry (right claw)
 t - a ring of sustain abilities (left claw)
Magical devices
 e - a wand of magic darts (33)
 p - a wand of polymorph (11)
 y - a wand of polymorph (11)
Scrolls
 i - a scroll of remove curse
 j - a scroll of blinking
 l - a scroll of enchant weapon {unknown}
 q - a scroll of amnesia
 w - a scroll of teleportation
Potions
 o - a potion of curing
 x - 2 potions of flight
Books
 c - a book of Minor Magic

   Spells                             Type                      Level
   a - Magic Dart                     Conjuration                  1
   b - Blink                          Translocation                2
   c - Call Imp                       Summoning                    2
   d - Repel Missiles                 Charms/Air                   2
   e - Slow                           Hexes                        2
   f - Conjure Flame                  Conjuration/Fire             3
   g - Mephitic Cloud                 Conjuration/Poison/Air       3
Comestibles
 d - 7 meat rations
 m - a slice of pizza
 s - 2 bread rations


   Skills:
 - Level 1.5 Dodging
 - Level 1.1 Stealth
 + Level 5.2 Unarmed Combat
 - Level 2.0 Spellcasting
 - Level 2.0 Conjurations
 - Level 0.6 Summonings
   Level 0.6 Translocations
 + Level 1.9 Air Magic


You had one spell level left.
You knew the following spells:

 Your Spells              Type           Power        Failure   Level  Hunger
a - Magic Dart            Conj           #...         4%          1    #......
b - Mephitic Cloud        Conj/Pois/Air  #.......     16%         3    ###....
c - Repel Missiles        Chrm/Air       #.....       10%         2    ###....
d - Call Imp              Summ           #.......     10%         2    ###....


Dungeon Overview and Level Annotations

Branches:
Dungeon (5/15)             Temple (1/1) D:4

Altars:
Ashenzari
Dithmenos
Fedhas
Gozag
Nemelex Xobeh
Okawaru
Ru
Sif Muna
Vehumet
Xom
Yredelemnul
Zin
The Shining One

Annotations:
D:5 serseaman's ghost, experienced HuBe


Innate Abilities, Weirdness & Mutations

You are too large for most types of armour.
You have claws for hands.
Your metabolism is lightning-fast.
You like to eat raw meat.
You heal very quickly.
You are covered in fur (AC +1).
You have very tough skin (AC +2).


Message History

Serseaman's ghost hits you.
* * * LOW HITPOINT WARNING * * *
You scratch serseaman's ghost but do no damage.
Serseaman's ghost is moderately damaged.
Serseaman's ghost closely misses you.
You closely miss serseaman's ghost.
Serseaman's ghost is moderately damaged.
Serseaman's ghost says very slowly, "There's no hope."
Serseaman's ghost closely misses you.
You scratch serseaman's ghost but do no damage.
Serseaman's ghost is moderately damaged.
Serseaman's ghost misses you.
You scratch serseaman's ghost but do no damage.
Your claw misses serseaman's ghost.
Serseaman's ghost is moderately damaged.
Serseaman's ghost misses you.
You barely miss serseaman's ghost.
Serseaman's ghost is moderately damaged.
Serseaman's ghost hits you.
You die...

#.#.# . #.#.# .
#.#.# . #.#.# .
#.#.# .
#.#.########)
##...>........
#######..#.##.W5....
#..@W...#### ####.#
#...###### #<# #.#.
......>..# .. #.
...###.W# #. ## #..#
# #..# ...# #.## #.


You could see serseaman's ghost.

Vanquished Creatures
  An ogre (D:4)
  A wyvern skeleton (D:4)
  2 hounds
  A centaur skeleton (D:4)
  Terence (D:2)
  Robin (D:2)
  4 adders
  A gnoll (D:1)
  A worm (D:4)
  4 giant geckos
  An ooze (D:2)
  11 orcs
  A bat skeleton (D:4)
  11 hobgoblins
  4 jackals (D:3)
  2 quokkas (D:4)
  8 bats
  5 giant newts
  14 goblins
  7 kobolds
  2 rats (D:1)
83 creatures vanquished.

Vanquished Creatures (collateral kills)
  A goblin (D:5)
1 creature vanquished.

Vanquished Creatures (others)
  A shadow imp (D:5)
  2 white imps (D:5)
  A kobold (D:1)
4 creatures vanquished.

Grand Total: 88 creatures vanquished

Notes
Turn   | Place    | Note
--------------------------------------------------------------
     0 | D:1      | xsansara, the Troll Wizard, began the quest for the Orb.
     0 | D:1      | Reached XP level 1. HP: 16/16 MP: 3/3
    92 | D:1      | Reached skill level 1 in Unarmed Combat
   111 | D:1      | Reached XP level 2. HP: 18/24 MP: 3/3
   554 | D:2      | Noticed Terence
   567 | D:2      | Killed Terence
   567 | D:2      | Reached skill level 3 in Unarmed Combat
   567 | D:2      | Reached XP level 3. HP: 19/31 MP: 5/5
   572 | D:2      | Learned a level 3 spell: Mephitic Cloud
   575 | D:2      | Learned a level 2 spell: Repel Missiles
   739 | D:2      | Noticed Robin
   758 | D:2      | Killed Robin
   761 | D:2      | Reached XP level 4. HP: 31/39 MP: 5/5
  1183 | D:3      | Reached skill level 4 in Unarmed Combat
  1803 | D:3      | Reached XP level 5. HP: 39/45 MP: 4/6
  1807 | D:3      | Learned a level 2 spell: Call Imp
  2121 | D:4      | Reached skill level 5 in Unarmed Combat
  2411 | D:4      | Reached skill level 1 in Conjurations
  2413 | D:4      | Noticed an ogre
  2427 | D:4      | Killed an ogre
  2427 | D:4      | Reached skill level 1 in Air Magic
  2427 | D:4      | Reached XP level 6. HP: 42/53 MP: 2/7
  2439 | D:4      | Found a blossoming altar of Fedhas.
  2778 | D:4      | Found a staircase to the Ecumenical Temple.
  2786 | Temple   | Entered the Ecumenical Temple
  2951 | Temple   | Became a worshipper of Vehumet
  3509 | D:5      | Entered Level 5 of the Dungeon
  3509 | D:5      | Noticed serseaman's ghost (experienced HuBe)
  3713 | D:5      | Slain by serseaman's ghost

Action                   |  1- 3 |  4- 6 || total
-------------------------+-------+-------++-------
Melee: Unarmed           |    85 |   165 ||   250
Throw: Tomahawk          |    22 |     1 ||    23
       Stone             |     5 |     1 ||     6
 Cast: Magic Dart        |    21 |    37 ||    58
       Repel Missiles    |     1 |       ||     1
       Mephitic Cloud    |       |     5 ||     5
       Call Imp          |       |     6 ||     6
  Use: Scroll            |       |     9 ||     9
       Potion            |       |     2 ||     2
  Eat: Chunk             |    11 |    17 ||    28
       Fruit             |       |     2 ||     2
       Pizza             |       |     1 ||     1
       Beef jerky        |       |     1 ||     1
